 Dungeon Crawl Stone Soup version 0.22.0-75-g3901e79 (webtiles) character file.

8246 marrkus the Fighter (level 11, -3/81 HPs)
             Began as a Halfling Fighter on Sept 11, 2018.
             Was a Priest of Nemelex Xobeh.
             Slain by a yak (9 damage)
             ... on level 8 of the Dungeon.
             The game lasted 00:55:03 (12429 turns).

marrkus the Fighter (Halfling Fighter)             Turns: 12429, Time: 00:55:04

Health: -3/81      AC:  9    Str: 20    XL:     11   Next: 52%
Magic:  16/16      EV: 19    Int:  6    God:    Nemelex Xobeh [***...]
Gold:   419        SH: 10    Dex: 19    Spells: 10/10 levels left

rFire    . . .     SeeInvis .   A - +2 dagger (vamp)
rCold    . . .     Gourm    +   c - +0 shield
rNeg     . . .     Faith    .   N - +0 troll leather armour
rPois    .         Spirit   .   (no helmet)
rElec    .         Reflect  .   y - +0 cloak
rCorr    .         Harm     .   (no gloves)
MR       .....                  (no boots)
Stlth    +++.......             F - amulet of the gourmand
HPRegen  0.63/turn              i - +4 ring of protection
MPRegen  0.15/turn              Q - +4 ring of dexterity

@: no status effects
A: small, mutation resistance 1
a: Triple Draw, Renounce Religion


You were on level 8 of the Dungeon.
You worshipped Nemelex Xobeh.
Nemelex Xobeh was most pleased with you.
You were completely stuffed.

You visited 3 branches of the dungeon, and saw 13 of its levels.
You also visited: Ossuary.

You collected 419 gold pieces.

Inventory:

Hand Weapons
 A - a +2 vampiric dagger (weapon)
Missiles
 e - 249 stones (quivered)
 r - 14 tomahawks
 E - 5 silver tomahawks
Armour
 c - a +0 shield (worn)
 y - a +0 cloak (worn)
 N - a +0 troll leather armour (worn)
Jewellery
 i - a +4 ring of protection (left hand)
 o - an uncursed ring of protection from fire
 F - an amulet of the gourmand (around neck)
 Q - a +4 ring of dexterity (right hand)
 R - an uncursed ring of resist corrosion {unknown}
Wands
 t - a wand of iceblast (9)
 w - a wand of clouds (4)
 D - a wand of flame (31)
Scrolls
 d - 4 scrolls of enchant weapon {unknown}
 h - 4 scrolls of teleportation
 j - 3 scrolls of random uselessness {unknown}
 v - 4 scrolls of remove curse
 B - 2 scrolls of amnesia {unknown}
 H - 2 scrolls of fog
Potions
 k - 3 potions of haste
 l - 2 potions of agility
 m - 6 potions of lignification
 n - 2 potions of mutation {unknown}
 q - 4 potions of flight
 I - 4 potions of curing
Miscellaneous
 p - a legendary deck of destruction {drawn: 1}
 u - a plain deck of escape {drawn: 1}
 C - an ornate deck of summoning {drawn: 5}
 O - a plain deck of summoning
 T - an ornate deck of summoning
Comestibles
 b - 12 chunks of flesh
 f - 23 rations


   Skills:
 + Level 10.1 Fighting
 - Level 10.0 Short Blades
 - Level 3.2 Armour
 + Level 8.6 Dodging
 - Level 4.1 Stealth
 - Level 3.2 Shields
 + Level 7.0 Invocations


You had 10 spell levels left.
You didn't know any spells.
Your spell library contained the following spells:

 Spells                   Type           Power        Failure   Level  Hunger
 Freeze                   Ice            #...         96%         1    ##.....
 Throw Frost              Conj/Ice       #.....       99%         2    ###....
 Ozocubu's Armour         Chrm/Ice       #.......     100%        3    ####...
 Summon Ice Beast         Ice/Summ       #.......     100%        4    #####..
 Throw Icicle             Conj/Ice       #.......     100%        4    #####..


Dungeon Overview and Level Annotations

Branches:
Dungeon (11/15)            Temple (1/1) D:7            Lair (1/6) D:8
    Orc (0/2) D:10

Altars:
Ashenzari
Cheibriados
Dithmenos
Gozag
Hepliaklqana
Makhleb
Nemelex Xobeh
Okawaru
Ru
Uskayaw
Wu Jian
Zin

Annotations:
D:4 2 transporters


Innate Abilities, Weirdness & Mutations

You are small and have problems with some larger weapons.
You are somewhat resistant to further mutation.


Message History

You block the eight-headed hydra's attack.
The eight-headed hydra bites you! The eight-headed hydra misses you.
The eight-headed hydra bites you. x2; The yak gores you but does no damage.
The yak closely misses you.
As you read the scroll of fog, it crumbles to dust.
The scroll dissolves into smoke.
You feel sick.
You are no longer poisoned.
The eight-headed hydra closely misses you.
The eight-headed hydra bites you.
The eight-headed hydra bites you but does no damage.
The eight-headed hydra closely misses you.
The eight-headed hydra bites you!
* * * LOW HITPOINT WARNING * * *
The eight-headed hydra bites you!
* * * LOW HITPOINT WARNING * * *
You block the eight-headed hydra's attack.
The eight-headed hydra bites you but does no damage.
The yak gores you!
You die...
Your body glows with a rainbow of weird colours and disappears.

#.# ######### #.######
#.......# #......#
#.......#
######.##########.......#
#####.....................#
......##...########.......#
#
##########...######<......#
# ###.§YDY#####.#### ##
#####@YS§##.## #.
####§##..#### ##.
#.#......# #.. #.#......#
#.# #........# #.#
###......# #.# #......# #.#
######## #.# #.#


You could see an eight-headed hydra, 3 yaks and a water moccasin.

Vanquished Creatures
  A gargoyle (D:9)
  A spiny frog (D:10)
  2 trolls
  A hippogriff (Temple)
  4 yaks
  A spriggan (D:7)
  A hog (D:10)
  A steam dragon (D:10)
  2 water moccasins (D:8)
  A black bear (D:7)
  An ice beast (D:9)
  6 sky beasts
  5 ogres
  2 phantoms
  2 centaurs
  9 bullfrogs
  3 scorpions
  2 water moccasin zombies (Ossuary)
  17 killer bees
  4 wights (D:9)
  4 howler monkeys
  4 crimson imps
  5 hounds
  A jelly (D:5)
  5 orc priests
  2 iguanas
  7 orc wizards
  9 worker ants
  Natasha (twice) (D:4)
  3 big kobold zombies (Ossuary)
  A hound zombie (D:10)
  3 hound skeletons
  2 mummies (Ossuary)
  A worker ant zombie (D:5)
  2 adders
  6 gnolls
  A shadow imp (D:7)
  An ooze (D:1)
  3 adder skeletons
  4 adder zombies
  2 worms
  A dart slug (D:1)
  3 leopard geckos
  28 orcs
  2 ball pythons
  6 bats
  3 giant cockroaches
  6 gnoll zombies (Ossuary)
  6 goblins
  5 hobgoblins
  12 jackals
  3 quokkas
  5 frilled lizards
  5 hobgoblin zombies (Ossuary)
  A jackal skeleton (D:8)
  14 kobolds
  4 kobold zombies (Ossuary)
  9 orc zombies (Ossuary)
  A quokka skeleton (D:5)
  6 rats
254 creatures vanquished.

Vanquished Creatures (collateral kills)
  A two-headed ogre (D:10)
  An unseen horror (D:10)
  4 gargoyles (D:9)
  A hornet (D:10)
  A sky beast (D:9)
  An ogre (D:10)
  A big kobold (D:10)
  A wight (D:9)
  An adder (D:10)
12 creatures vanquished.

Vanquished Creatures (others)
  A killer bee (D:7)
  A ball lightning (D:7)
2 creatures vanquished.

Grand Total: 268 creatures vanquished

Notes
Turn   | Place    | Note
-------+----------+-------------------------------------------
     0 | D:1      | marrkus the Halfling Fighter began the quest for the Orb.
     0 | D:1      | Reached XP level 1. HP: 15/15 MP: 1/1
   128 | D:1      | Reached XP level 2. HP: 14/20 MP: 2/2
   303 | D:1      | Reached skill level 1 in Stealth
   403 | D:1      | Reached XP level 3. HP: 22/26 MP: 3/3
  1149 | D:2      | Reached XP level 4. HP: 31/31 MP: 4/4
  1426 | D:2      | Reached XP level 5. HP: 32/36 MP: 5/5
  1990 | D:3      | Found a shadowy altar of Dithmenos.
  2013 | D:3      | Found an opulent altar of Gozag.
  2210 | D:3      | Noticed a bullfrog
  2230 | D:2      | Killed a bullfrog
  2230 | D:2      | Reached XP level 6. HP: 29/43 MP: 6/6
  2690 | D:3      | Found a shattered altar of Ashenzari.
  2691 | D:3      | Found a burning altar of Makhleb.
  2693 | D:3      | Found a sparkling altar of Nemelex Xobeh.
  2699 | D:3      | Became a worshipper of Nemelex Xobeh the Trickster
  2822 | D:4      | Received a gift from Nemelex Xobeh
  2833 | D:4      | Noticed a dagger
  2834 | D:4      | Found a hide-covered altar of Uskayaw.
  2834 | D:4      | Noticed a dagger
  2851 | D:4      | Noticed a phantom
  2860 | D:4      | Killed a phantom
  2860 | D:4      | Reached skill level 5 in Short Blades
  2903 | D:4      | Noticed Natasha
  2919 | D:4      | Killed Natasha
  3143 | D:4      | Reached skill level 1 in Invocations
  3143 | D:4      | Reached XP level 7. HP: 31/49 MP: 7/7
  3220 | D:4      | Noticed Natasha
  3228 | D:4      | Killed Natasha
  3631 | D:4      | Found a transporter.
  3640 | D:4      | Found a transporter.
  3705 | D:4      | Reached * piety under Nemelex Xobeh
  4271 | D:5      | Entered Level 5 of the Dungeon
  4337 | D:5      | Found a sacrificial altar of Ru.
  4470 | D:5      | Reached skill level 5 in Fighting
  4657 | D:5      | Reached XP level 8. HP: 46/55 MP: 10/10
  5277 | D:6      | Received a gift from Nemelex Xobeh
  5744 | D:6      | Reached skill level 5 in Invocations
  5744 | D:6      | Reached XP level 9. HP: 49/62 MP: 12/12
  5963 | D:7      | Found a sacrificial altar of Ru.
  6094 | D:7      | Noticed a hippogriff
  6241 | D:7      | Found a staircase to the Ecumenical Temple.
  6408 | D:7      | Received a gift from Nemelex Xobeh
  7329 | D:7      | Reached ** piety under Nemelex Xobeh
  7381 | Temple   | Entered the Ecumenical Temple
  7425 | Temple   | Killed a hippogriff
  7425 | Temple   | Reached skill level 1 in Dodging
  7829 | D:8      | Reached XP level 10. HP: 64/71 MP: 14/14
  8028 | D:8      | Received a gift from Nemelex Xobeh
  8209 | D:8      | Found a sand-covered staircase.
  8217 | Ossuary  | Entered an ossuary
  8944 | D:8      | Found a staircase to the Lair.
  9014 | D:8      | Reached skill level 10 in Short Blades
 10030 | D:9      | Found a hazy altar of Hepliaklqana.
 10271 | D:9      | Received a gift from Nemelex Xobeh
 10314 | D:9      | Reached skill level 5 in Dodging
 10576 | D:9      | Reached *** piety under Nemelex Xobeh
 10662 | D:9      | Noticed a gargoyle
 10668 | D:9      | Killed a gargoyle
 10679 | D:9      | Noticed a gargoyle
 10684 | D:9      | Killed a gargoyle
 10696 | D:9      | Noticed a gargoyle
 10705 | D:9      | Killed a gargoyle
 10707 | D:9      | Noticed a gargoyle
 10720 | D:9      | Killed a gargoyle
 10726 | D:9      | Noticed a gargoyle
 10736 | D:9      | Killed a gargoyle
 10736 | D:9      | Reached XP level 11. HP: 77/80 MP: 15/15
 11033 | D:10     | Entered Level 10 of the Dungeon
 11113 | D:10     | Found a staircase to the Orcish Mines.
 11242 | D:10     | Found a snail-covered altar of Cheibriados.
 11253 | D:10     | Noticed a two-headed ogre
 11382 | D:10     | Killed an unseen horror
 11679 | D:10     | Received a gift from Nemelex Xobeh
 11701 | D:10     | Killed a two-headed ogre
 11701 | D:10     | Reached skill level 10 in Fighting
 12064 | D:11     | Received a gift from Nemelex Xobeh
 12072 | D:11     | Noticed a manticore
 12235 | Lair:1   | Entered Level 1 of the Lair of Beasts
 12291 | Lair:1   | Noticed an eight-headed hydra
 12429 | D:8      | Slain by a yak

Skill      XL: |  1  2  3  4  5  6  7  8  9 10 11 |
---------------+----------------------------------+-----
Stealth        | 1 2 3 4 |  4.1
Fighting       | 3 4 5 6 7 9 10 | 10.1
Short Blades   | 3 4 5 6 7 9 10 | 10.0
Invocations    | 1 3 5 6 7 |  7.0
Dodging        | 1 6 8 |  8.6
Armour         | |  3.2
Shields        | |  3.2

Action                   |  1- 3 |  4- 6 |  7- 9 | 10-12 || total
-------------------------+-------+-------+-------+-------++-------
Melee: Rapier            |    76 |   216 |   203 |       ||   495
       Dagger            |       |       |   677 |  1238 ||  1915
Throw: Stone             |    28 |    24 |    16 |    20 ||    88
       Tomahawk          |       |       |     6 |       ||     6
Evoke: Deck              |       |       |     6 |    18 ||    24
  Use: Scroll            |       |     1 |     4 |     4 ||     9
       Potion            |       |       |     2 |       ||     2
 Stab: Paralysed         |       |       |     1 |       ||     1
       Distracted        |       |       |       |     1 ||     1
       Sleeping          |       |       |       |     2 ||     2
  Eat: Chunk             |       |     7 |    10 |    30 ||    47
       Ration            |       |       |     3 |     1 ||     4
Armor: Scale mail        |    17 |    58 |   242 |   134 ||   451
       Skin              |       |       |    14 |       ||    14
       Troll leather arm |       |       |       |    48 ||    48
Dodge: Dodged            |    19 |    80 |   194 |   353 ||   646
Block: Shield            |    34 |    94 |   325 |   344 ||   797
